 Dungeon Crawl Stone Soup version 0.27.1-1-g398f81649c (webtiles) character file.

Game seed: 4237439819824213110

114 ABBCCCDDDD the Sneak (level 4, -2/34 HPs)
             Began as an Octopode Brigand on Sept 10, 2021.
             Killed by divine providence
             ... invoked by an orc priest
              (16 damage)
             ... on level 1 of the Dungeon.
             The game lasted 00:03:28 (2512 turns).

ABBCCCDDDD the Sneak (Octopode Brigand)             Turns: 2512, Time: 00:03:29

Health: -2/34      AC:  1    Str: 10    XL:     4   Next: 97%
Magic:  4/4        EV: 13    Int: 14    God:
Gold:   28         SH:  0    Dex: 13    Spells: 3/3 levels left

rFire    . . .     SeeInvis .   a - +2 dagger
rCold    . . .     Faith    .   (no shield)
rNeg     . . .     Spirit   .   (helmet restricted)
rPois    .         Reflect  .   (no amulet)
rElec    .         Harm     .   (no ring)
rCorr    .         Rampage  .   (no ring)
Will     .....                  (no ring)
Stlth    ++++......             (no ring)
HPRegen  0.11/turn              (no ring)
MPRegen  0.09/turn              (no ring)
                                (no ring)
                                (no ring)

@: no status effects
A: almost no armour, amphibious, 8 rings, camouflage 1, gelatinous body 1,
(nimble swimmer 1), tentacles
a: no special abilities


You were on level 1 of the Dungeon.
You visited 1 branch of the dungeon, and saw 2 of its levels.

You collected 28 gold pieces.

Inventory:

Hand Weapons
 a - a +2 dagger (weapon)
Scrolls
 d - 2 scrolls of amnesia {unknown}
 g - a scroll of identify {unknown}
 h - a scroll of enchant weapon {unknown}
 i - a scroll of vulnerability {unknown}
 j - a scroll of magic mapping {unknown}
Potions
 e - a potion of magic {unknown}
 f - 2 potions of curing {unknown}


   Skills:
 + Level 4.7 Fighting
 - Level 2.0 Short Blades
 - Level 2.0 Throwing
 - Level 1.8 Dodging
 - Level 5.3 Stealth


You had 3 spell levels left.
You didn't know any spells.
Your spell library was empty.

Dungeon Overview and Level Annotations

Branches:
Dungeon (2/15)

Altars:


Innate Abilities, Weirdness & Mutations

You cannot wear most types of armour.
You are amphibious.
You can wear up to eight rings at the same time.
Your skin changes colour to match your surroundings (Stealth+).
Your rubbery body absorbs attacks. (AC +1, EV +1)
((You are camouflaged near water. (Stealth+)))
You have tentacles for arms and can constrict up to eight enemies at once.


Message History

The orc throws a silver boomerang.
The silver boomerang barely misses you.
The hobgoblin moves out of view.
The orc throws a silver boomerang.
The silver boomerang hits you.
The orc throws a silver boomerang.
The silver boomerang hits you.
The orc throws a silver boomerang.
The silver boomerang hits you.
* * * LOW HITPOINT WARNING * * *
x2 The orc priest looks satisfied for a moment.
There is a stone staircase leading up here.
The orc throws a silver boomerang.
The silver boomerang hits you but does no damage.
* * * LOW HITPOINT WARNING * * *
You climb upwards.
There is a stone staircase leading down here.
You start resting.
You start resting.
HP restored.
You start waiting.
Done waiting.
You climb downwards.
There is a stone staircase leading up here.
The orc priest hits you with a +0 club.
You climb upwards.
There is a stone staircase leading down here.
You hit the orc priest but do no damage.
Your grab misses the orc priest. The orc priest hits you with a +0 club.
You hit the orc priest. You grab the orc priest.
The orc priest is moderately wounded.
You constrict the orc priest.
The orc priest mumbles some strange prayers to Beogh against you.
Beogh smites you!
You hit the orc priest.
The orc priest is heavily wounded.
You constrict the orc priest, but do no damage.
The orc priest misses you.
You hit the orc priest.
The orc priest is severely wounded.
You constrict the orc priest, but do no damage.
The orc priest mumbles some strange prayers to Beogh against you.
Beogh smites you!
You die...

#.........#...######.####
#.#########.#......#.# #.#
#...####.#.# #.# ##.##
#.#.#### #.# #.# #)......
#.# #.# ###.#### #.# ###
#.# #.# #.# ##o## #.# #.#
#.####..@###.#######.####
#.##.....................
#.##.....................
#.###........)...........
#.# #........######......
#.# #...#..##......##....
#.# #....##..........#...
#.# #...#.............#..
##.###..#..............#..


You could see an orc priest.

Levels and vault maps discovered:
D:1:      dpeg_arrival_solitude, layout_loops_ring
D:2:      layout_rooms

Notes
Turn   | Place    | Note
-------+----------+-------------------------------------------
     0 | D:1      | ABBCCCDDDD the Octopode Brigand began the quest for the
                  | Orb.
     0 | D:1      | Reached XP level 1. HP: 14/14 MP: 1/1
   149 | D:1      | Reached XP level 2. HP: 12/20 MP: 2/2
  1121 | D:1      | Reached XP level 3. HP: 25/26 MP: 3/3
  1885 | D:2      | Reached XP level 4. HP: 33/33 MP: 4/4
  2512 | D:1      | Killed from afar by an orc priest

Table legend: (Time is in decaauts)
 A = Elapsed time spent in this place.
 B = Non-inter-level travel time spent in this place.
 C = Inter-level travel time spent in this place.
 D = Time resting spent in this place.
 E = Time spent auto-exploring this place.
 F = Levels seen in this place.
 G = Mean time per level.
                   A        B        C        D        E       F      G
               +--------+--------+--------+--------+--------+-----+--------+
         Total |   2504 |   2444 |     60 |   1350 |    625 |   2 | 1252.0 |
       Dungeon |   2504 |   2444 |     60 |   1350 |    625 |   2 | 1252.0 |
               +--------+--------+--------+--------+--------+-----+--------+

Top non-repeatable levels by time:
     D:1: 2182 daAuts
     D:2: 322 daAuts

Table legend:
 A = Kills in this place as a percentage of kills in entire the game.
 B = Kills by you in this place as a percentage of kills by you in the entire game.
 C = Kills by friends in this place as a percentage of kills by friends in the entire game.
 D = Other kills in this place as a percentage of other kills in the entire game.
 E = Experience gained in this place as a percentage of experience gained in the entire game.
 F = Experience gained in this place divided by the number of levels of this place that you have seen.
                   A       B       C       D       E      F
               +-------+-------+-------+-------+-------+----------------------
         Total | 100.0 | 100.0 |   N/A |   N/A | 100.0 |  81.5
       Dungeon | 100.0 | 100.0 |   N/A |   N/A | 100.0 |  81.5
               +-------+-------+-------+-------+-------+----------------------

Action                   |  1- 3 |  4- 6 || total
-------------------------+-------+-------++-------
Melee: Dagger            |    57 |    26 ||    83
       Constrict         |    14 |     8 ||    22
       Tentacles         |     6 |     5 ||    11
Throw: Dart              |    15 |    11 ||    26
 Stab: Sleeping          |    10 |     1 ||    11
Armor: Skin              |     7 |     4 ||    11
Dodge: Dodged            |    30 |    17 ||    47

Vanquished Creatures
  5 gnolls
  2 adders (D:2)
  8 bats
  5 endoplasms
  2 giant cockroaches (D:1)
  3 goblins (D:1)
  5 hobgoblins (D:1)
  6 kobolds
  2 quokkas
  5 ball pythons
  A frilled lizard (D:1)
  4 rats
48 creatures vanquished.
